 Dungeon Sprint DCSS version 0.28-a0-828-g0121872642 (webtiles) character file.

Game seed: 9256965622075992800

1667 boopmooplesden the Carver (level 8, -2/82 HPs)
             Began as a Minotaur Fighter on Nov 10, 2021.
             Was an Elder of Okawaru.
             Slain by a wraith (3 damage)
             ... while petrified by a basilisk
             ... in the Dungeon (Sprint VII: "The Pits").
             The game lasted 00:02:33 (1017 turns).

boopmooplesden the Carver (Minotaur Fighter)        Turns: 1017, Time: 00:02:34

Health: -2/82      AC: 17    Str: 21    XL:     8   Next: 69%
Magic:  6/8        EV:  2    Int:  5    God:    Okawaru [****..]
Gold:   0          SH:  0    Dex: 12    Spells: 7/7 levels left

rFire   . . .      SeeInvis .   u - +2 scimitar (flame)
rCold   . . .      Faith    .   c - +0 buckler
rNeg    + + +      Spirit   .   t - +4 chain mail
rPois   ∞          Reflect  .   (helmet restricted)
rElec   .          Harm     .   (no cloak)
rCorr   .          Rampage  .   (no gloves)
Will    .....      NoTele   +   (no boots)
Stlth   ..........              (no amulet)
HPRegen 0.23/turn               (no ring)
MPRegen 0.11/turn               (no ring)

@: petrified, weak-willed, heroic, slowed
A: horns 2, retaliatory headbutt
a: Renounce Religion, Heroism, Finesse


You were in the Dungeon.
You worshipped Okawaru.
Okawaru was greatly pleased with you.
You visited 1 branch

Inventory:

Hand Weapons
 a - a +0 long sword
 k - a +2 falchion
 o - a +2 long sword of holy wrath
 u - a +2 scimitar of flaming (weapon)
 v - a +2 rapier of distortion
Armour
 b - a +0 scale mail
 c - a +0 buckler (worn)
 p - a +3 ring mail
 t - a +4 chain mail (worn)
Jewellery
 d - a +3 ring of strength
 q - a +3 ring of dexterity
Scrolls
 j - a scroll of blinking
 m - 5 scrolls of amnesia
 n - a scroll of summoning
Potions
 e - 8 potions of curing
 f - 9 potions of heal wounds
 g - 2 potions of haste
 h - 4 potions of magic
 i - 3 potions of berserk rage
 l - 2 potions of invisibility
 r - a potion of brilliance
 s - a potion of might


   Skills:
 + Level 11.6(16.6) Fighting
 + Level 13.6(18.6) Long Blades
 + Level 10.7(15.7) Armour
 + Level 5.7(10.7) Dodging
 + Level 0.2(5.2) Stealth
 + Level 10.5(15.5) Shields
 + Level 1.5 Invocations


You had 7 spell levels left.
You didn't know any spells.
Your spell library was empty.

Dungeon Overview and Level Annotations

Branches:
Dungeon (1/1)

Altars:
Ashenzari
Cheibriados
Dithmenos
Elyvilon
Fedhas
Gozag
Hepliaklqana
Kikubaaqudgha
Makhleb
Nemelex Xobeh
Okawaru
Qazlal
Ru
Sif Muna
Trog
Uskayaw
Vehumet
Wu Jian
Xom
Yredelemnul
Zin
The Shining One
Beogh
Jiyva
Lugonu


Innate Abilities, Weirdness & Mutations

You have a pair of horns on your head.
You reflexively headbutt those who attack you in melee.


Message History

The basilisk bites you. The wraith hits you but does no damage.
The phantasmal warrior gestures at you.
The phantasmal warrior blinks!
Something hits you but does no damage.
Your limbs are stiffening.
You slice something!! You burn something. The basilisk gazes at you.
You resist with some effort.
The phantasmal warrior hits you but does no damage.
The wraith hits you but does no damage. Something hits you!
Something drains your vigour!
You feel as though you will be slow longer.
You block the basilisk's attack. The phantasmal warrior hits you!!
Your willpower is stripped away!
The wraith barely misses you. You furiously retaliate!
You headbutt the wraith.
You have turned to stone.
Something completely misses you.
The basilisk bites you but does no damage.
The wraith hits you but does no damage. The phantasmal warrior hits you.
Something hits you! Something drains your vigour!
You feel as though you will be slow longer.
The basilisk bites you! The wraith hits you.
The phantasmal warrior hits you but does no damage.
Something hits you but does no damage.
The basilisk bites you but does no damage.
The phantasmal warrior hits you but does no damage.
The wraith hits you!
* * * LOW HITPOINT WARNING * * *
The wraith drains your vigour!
You feel as though you will be slow longer.
Something hits you but does no damage. The basilisk bites you.
The wraith hits you but does no damage. The phantasmal warrior hits you!!
* * * LOW HITPOINT WARNING * * *
Something hits you!
* * * LOW HITPOINT WARNING * * *
Something drains your vigour!
You feel as though you will be slow longer.
The basilisk gazes at you. The phantasmal warrior hits you!
* * * LOW HITPOINT WARNING * * *
The wraith hits you!
You die...

..##.......##......#
'###...<...###....##
..##.......# ##''##
..##.......###.††.##
####.......##......#
..###########......+
)############......#
)#....#..[[###.W{.##
)#÷...#.![.# ##'@##
.'....'..).# #.lW.#
)#....#..).##......#
.#....#..))##......#
####################


You could see a phantasmal warrior, a basilisk and a wraith.

Vanquished Creatures
  A sea snake (D)
  A molten gargoyle (D)
  A komodo dragon (D)
  A warg (D)
  3 necrophages (D)
  An ice beast (D)
  A gnoll sergeant (D)
  A hell rat (D)
  3 gnolls (D)
  An ufetubus (D)
  An orc (D)
  5 jackals (D)
  A quokka (D)
  A ball python (D)
  3 frilled lizards (D)
  A jackal skeleton (D)
  3 kobolds (D)
29 creatures vanquished.

Notes
Turn   | Place    | Note
-------+----------+-------------------------------------------
     0 | D        | boopmooplesden the Minotaur Fighter began the quest for the
                  | Orb.
     0 | D        | Reached XP level 1. HP: 19/19 MP: 0/0
    37 | D        | Found a glowing golden altar of the Shining One.
    37 | D        | Found a glowing silver altar of Zin.
    37 | D        | Found a basalt altar of Yredelemnul.
    37 | D        | Found a shimmering altar of Xom.
    37 | D        | Found an ornate altar of the Wu Jian Council.
    37 | D        | Found a bloodstained altar of Trog.
    37 | D        | Found a shimmering blue altar of Sif Muna.
    37 | D        | Found a sacrificial altar of Ru.
    37 | D        | Found a stormy altar of Qazlal.
    37 | D        | Found an iron altar of Okawaru.
    37 | D        | Found a sparkling altar of Nemelex Xobeh.
    37 | D        | Found a burning altar of Makhleb.
    37 | D        | Found a viscous altar of Jiyva.
    37 | D        | Found a hazy altar of Hepliaklqana.
    37 | D        | Found an opulent altar of Gozag.
    37 | D        | Found a blossoming altar of Fedhas.
    37 | D        | Found a white marble altar of Elyvilon.
    37 | D        | Found a shadowy altar of Dithmenos.
    37 | D        | Found a snail-covered altar of Cheibriados.
    38 | D        | Found a radiant altar of Vehumet.
    38 | D        | Found a corrupted altar of Lugonu.
    39 | D        | Found an ancient bone altar of Kikubaaqudgha.
    39 | D        | Found a hide-covered altar of Uskayaw.
    39 | D        | Found a broken altar of Ashenzari.
    43 | D        | Became a worshipper of Warmaster Okawaru
    67 | D        | Reached XP level 2. HP: 28/28 MP: 1/1
    81 | D        | Reached skill level 3 in Long Blades
    91 | D        | Reached skill level 5 in Shields
   153 | D        | Noticed an ice beast
   163 | D        | Killed an ice beast
   163 | D        | Reached * piety under Okawaru
   164 | D        | Reached skill level 5 in Long Blades
   164 | D        | Reached XP level 3. HP: 38/38 MP: 2/2
   164 | D        | Reached XP level 4. HP: 45/45 MP: 3/3
   172 | D        | Noticed a warg
   172 | D        | Noticed a necrophage
   189 | D        | HP: 1/45 [warg (9)]
   190 | D        | Killed a warg
   191 | D        | Reached skill level 7 in Long Blades
   191 | D        | Reached skill level 1 in Dodging
   191 | D        | Reached XP level 5. HP: 1/53 MP: 1/4
   193 | D        | Killed a necrophage
   193 | D        | Reached ** piety under Okawaru
   194 | D        | Reached skill level 8 in Long Blades
   194 | D        | Reached XP level 6. HP: 30/62 MP: 1/5
   356 | D        | Noticed a molten gargoyle
   360 | D        | Killed a molten gargoyle
   360 | D        | Reached *** piety under Okawaru
   361 | D        | Reached skill level 10 in Fighting
   361 | D        | Reached skill level 10 in Long Blades
   361 | D        | Reached XP level 7. HP: 57/72 MP: 3/6
   600 | D        | Noticed a komodo dragon
   600 | D        | Noticed a sea snake
   607 | D        | Killed a sea snake
   608 | D        | Reached skill level 12 in Long Blades
   608 | D        | Reached skill level 10 in Armour
   608 | D        | Reached skill level 10 in Shields
   608 | D        | Reached skill level 1 in Invocations
   608 | D        | Reached XP level 8. HP: 50/82 MP: 4/7
   610 | D        | Reached **** piety under Okawaru
   611 | D        | Reached skill level 5 in Dodging
   613 | D        | Killed a komodo dragon
   614 | D        | Reached skill level 13 in Long Blades
  1008 | D        | Noticed a phantasmal warrior
  1017 | D        | HP: 1/82 [phantasmal warrior (7)]
  1017 | D        | Slain by a wraith

Illustrated notes

Levels and vault maps discovered:
D:        pitsprint [storerooms_1, entrance_room_1, metal_vault_2, armoury_1,
          mini_pit_1, grid_room_1, main_hall_1, silver_pit, the_coven_3,
          the_vestibule_1, steel_vault_3, golden_pit, hallway_of_sentries,
          crystal_vault_1, iron_vault_3, final_vault]

Skill      XL: |  1  2  3  4  5  6  7  8 |
---------------+-------------------------+-----
Fighting       | 4 6 8 10 11 | 11.6
Armour         | 4 6 7 8 9 10 | 10.7
Shields        | 4 6 7 8 9 10 | 10.5
Long Blades    | 5 7 8 10 12 13 | 13.6
Dodging        | 1 2 3 4 5 |  5.7
Invocations    | 1 |  1.5
Stealth        | |  0.2

Action                   |  1- 3 |  4- 6 |  7- 9 || total
-------------------------+-------+-------+-------++-------
Melee: Falchion          |    23 |       |       ||    23
       Long sword        |     4 |    17 |    26 ||    47
       Headbutt          |     3 |     1 |     7 ||    11
       Scimitar          |       |       |     9 ||     9
Invok: Heroism           |       |     2 |     2 ||     4
  Use: Potion            |     1 |     1 |       ||     2
Armor: Scale mail        |    12 |       |       ||    12
       Ring mail         |     2 |     5 |     6 ||    13
       Chain mail        |       |       |    16 ||    16
Dodge: Dodged            |    13 |     6 |    16 ||    35
Block: Buckler           |     7 |     4 |    11 ||    22

Table legend: (Time is in decaauts)
 A = Elapsed time spent in this place.
 B = Non-inter-level travel time spent in this place.
 C = Inter-level travel time spent in this place.
 D = Time resting spent in this place.
 E = Time spent auto-exploring this place.
 F = Levels seen in this place.
 G = Mean time per level.
                   A        B        C        D        E       F      G
               +--------+--------+--------+--------+--------+-----+--------+
         Total |   1014 |   1014 |      0 |    625 |      0 |   1 | 1014.0 |
       Dungeon |   1014 |   1014 |      0 |    625 |      0 |   1 | 1014.0 |
               +--------+--------+--------+--------+--------+-----+--------+

Top non-repeatable levels by time:
       D: 1014 daAuts
